 Dungeon Crawl Stone Soup version 0.26-a0-812-g31a745ddcd (webtiles) character file.

Game seed: 5894376057144481229

36 mkm the Firebug (level 3, 0/27 HPs)
             Began as a Draconian Fire Elementalist on Nov 25, 2020.
             Killed by nerve-wracking pain
             ... invoked by Jessica
              (8 damage)
             ... on level 2 of the Dungeon.
             The game lasted 00:04:26 (1483 turns).

mkm the Firebug (Draconian Fire Elementalist)       Turns: 1483, Time: 00:04:27

Health: 0/27       AC:  5    Str: 10    XL:     3   Next: 19%
Magic:  4/6        EV: 27    Int: 16    God:
Gold:   44         SH:  0    Dex: 11    Spells: 6/7 levels left

rFire    . . .     SeeInvis .   a - +0 short sword
rCold    . . .     Faith    .   (no shield)
rNeg     . . .     Spirit   .   (armour unavailable)
rPois    .         Reflect  .   (helmet restricted)
rElec    .         Harm     .   (no cloak)
rCorr    .         Rampage  .   (no gloves)
MR       .....                  (no boots)
Stlth    ++........             f - amulet of the acrobat
HPRegen  0.09/turn              (no ring)
MPRegen  0.10/turn              (no ring)

@: acrobat
A: unfitting armour, cold-blooded, AC +5
a: no special abilities


You were on level 2 of the Dungeon.
You visited 1 branch of the dungeon, and saw 2 of its levels.

You collected 44 gold pieces.

Inventory:

Hand Weapons
 a - a +0 short sword (weapon)
Jewellery
 f - an amulet of the acrobat (around neck)
Scrolls
 c - a scroll of identify


   Skills:
 + Level 0.5 Fighting
 + Level 0.8 Short Blades
 + Level 1.8 Dodging
 + Level 1.9 Stealth
 + Level 2.5 Spellcasting
 + Level 1.1 Conjurations
 + Level 3.4 Fire Magic


You had 6 spell levels left.
You knew the following spells:

 Your Spells              Type           Power        Failure   Level
a - Foxfire               Conj/Fire      #...         8%          1

Your spell library contained the following spells:

 Spells                   Type           Power        Failure   Level
 Conjure Flame            Conj/Fire      #.......     22%         3
 Inner Flame              Hex/Fire       #.......     28%         3
 Sticky Flame             Conj/Fire      #.......     58%         4
 Fireball                 Conj/Fire      #.........   91%         5


Dungeon Overview and Level Annotations

Branches:
Dungeon (2/15)

Altars:

Annotations:
D:2 Jessica


Innate Abilities, Weirdness & Mutations

Your plain brown scales are hard. (AC +5)
You cannot fit into any form of body armour.
You are cold-blooded and may be slowed by cold attacks.


Message History

Jessica is lightly wounded.
Jessica gestures wildly while chanting.
Jessica blinks!
Jessica mumbles some strange words.
Jessica seems to speed up.
Casting: Foxfire (safe; 8% risk of failure)
Confirm with . or Enter, or press ? or * to list all spells.
You conjure some foxfire!
The foxfire hits Jessica but does no damage.
Jessica is lightly wounded.
The foxfire hits Jessica but does no damage.
Jessica is lightly wounded.
Jessica gestures at you while chanting. Pain shoots through your body!
Ouch! That really hurt!
* * * LOW HITPOINT WARNING * * *
You aren't carrying any potions.
Jessica casts a spell at you. Pain shoots through your body!
You die...

.... ...[. ..... ......
...... #
......###########.#
..................#
....!..$.@.@...#
...####.†......+
###.#.§$...#
....###'####
............##
...........†...#### #
!.........).......###.#
..#####...............#
.. #.#........<....+


You could see Jessica (fast).

Vanquished Creatures
  A dart slug (D:1)
  4 bats (D:1)
  2 giant cockroaches
  7 goblins
  6 hobgoblins
  2 frilled lizards (D:1)
  4 kobolds (D:1)
  5 rats
31 creatures vanquished.

Vanquished Creatures (others)
  34 foxfires
34 creatures vanquished.

Grand Total: 65 creatures vanquished

Notes
Turn   | Place    | Note
-------+----------+-------------------------------------------
     0 | D:1      | mkm the Draconian Fire Elementalist began the quest for the
                  | Orb.
     0 | D:1      | Reached XP level 1. HP: 14/14 MP: 3/3
   345 | D:1      | Reached XP level 2. HP: 12/20 MP: 3/5
  1210 | D:1      | Reached XP level 3. HP: 27/27 MP: 3/6
  1463 | D:2      | Noticed Jessica
  1483 | D:2      | Killed from afar by Jessica

Illustrated notes

Levels and vault maps discovered:
D:1:      dpeg_arrival_tiny_j, layout_basic, minmay_pentomino_q2
D:2:      layout_basic, uniq_jessica

Action                   || total
-------------------------++-------
Melee: Short sword       ||    74
       Tailslap          ||     6
 Cast: Foxfire           ||    26
  Use: Scroll            ||     3
       Potion            ||     1
Armor: Skin              ||    22
Dodge: Dodged            ||    42

Table legend: (Time is in decaauts)
 A = Elapsed time spent in this place.
 B = Non-inter-level travel time spent in this place.
 C = Inter-level travel time spent in this place.
 D = Time resting spent in this place.
 E = Time spent auto-exploring this place.
 F = Levels seen in this place.
 G = Mean time per level.
                   A        B        C        D        E       F      G
               +--------+--------+--------+--------+--------+-----+--------+
         Total |   1489 |   1487 |      2 |      0 |   1191 |   2 |  744.5 |
       Dungeon |   1489 |   1487 |      2 |      0 |   1191 |   2 |  744.5 |
               +--------+--------+--------+--------+--------+-----+--------+

Top non-repeatable levels by time:
     D:1: 1416 daAuts
     D:2: 72 daAuts
